 Dungeon Crawl Stone Soup version 0.30.0-29-ga12c61a403 (webtiles) character file.

Game seed: 16204956679494061453

861 monsoonserge the Slasher (level 8, -9/56 HPs)
             Began as a Djinni Warper on June 26, 2023.
             Was an Initiate of Gozag.
             Mangled by Maggie
             ... wielding a +1 glaive of flaming
              (24 damage)
             ... on level 6 of the Dungeon.
             The game lasted 00:20:50 (5095 turns).

monsoonserge the Slasher (Djinni Warper)            Turns: 5095, Time: 00:20:51

Health: -9/56      AC: -1    Str: 10    XL:     8   Next: 22%
Gold:   231        EV: 13    Int: 16    God:    Gozag SH:  0 Dex: 14

rFire   + + .        k - +0 falchion (holy)
rCold   . . .        (no shield)
rNeg    + . .        r - +0 robe {rN+}
rPois   ∞            (helmet currently unavailable)
rElec   .            (no cloak)
rCorr   .            (no gloves)
SInv    +            (boots unavailable)
Will    .....        (no amulet)
Stlth   ++           o - ring of protection from cold
HPRegen 0.29/turn    z - ring of see invisible
MPRegen 0.00/turn

%: infuse magic (-10 HP)
@: appendages, corroded, flying
A: horns 2, flying, sickness immunity, fire resistance 2, cold vulnerability 1,
float, innate caster, HP casting, extra vitality 1
a: End Transformation, Renounce Religion, Potion Petition, Call Merchant, Bribe
Branch


You were on level 6 of the Dungeon.
You worshipped Gozag.
Gozag was aware of your devotion.
You had temporarily grown beastly horns.
You visited 2 branches of the dungeon, and saw 7 of its levels.

You collected 273 gold pieces.
You paid 42 gold pieces to Gozag.

Inventory:

Hand Weapons
 k - a +0 falchion of holy wrath (weapon)
Missiles
 a - 13 poisoned darts
 d - 7 boomerangs of dispersal
 y - 2 boomerangs (quivered)
Armour
 b - a +0 leather armour
 h - a +0 ring mail
 r - a +0 robe of positive energy (worn)
Jewellery
 o - a ring of protection from cold (left hand)
 z - a ring of see invisible (right hand)
Wands
 q - a wand of acid (6)
 v - a wand of paralysis (9)
Scrolls
 c - a scroll of blinking
 e - 3 scrolls of identify {unknown}
 l - a scroll of fear {unknown}
 m - a scroll of magic mapping {unknown}
 n - a scroll of poison {unknown}
 s - a scroll of amnesia {unknown}
 w - a scroll of enchant weapon {unknown}
 x - a scroll of vulnerability {unknown}
Potions
 f - 2 potions of curing {unknown}
 g - 2 potions of magic {unknown}
 i - a potion of attraction {unknown}
 j - a potion of berserk rage {unknown}
 p - a potion of heal wounds {unknown}
 t - 2 potions of invisibility
 u - a potion of ambrosia {unknown}
 A - a potion of resistance {unknown}


   Skills:
 + Level 3.5 Fighting
 * Level 5.4 Long Blades
 + Level 0.9 Throwing
 - Level 2.0 Armour
 + Level 3.4 Dodging
 - Level 1.0 Stealth
 * Level 4.2 Spellcasting
 + Level 0.3 Evocations


You knew the following spells:

 Your Spells              Type           Power      Damage    Failure   Level
a - Blink                 Tloc           34%        N/A       4%          2
b - Lesser Beckoning      Tloc           34%        N/A       4%          2
c - Vhi's Electric Charg  Tloc/Air       34%        N/A       9%          3
d - Teleport Other        Tloc           17%        N/A       9%          3
e - Manifold Assault      Tloc           17%        N/A       28%         4
f - Beastly Appendage     Tmut           34%        N/A       2%          1
g - Poisonous Vapours     Pois/Air       34%        N/A       4%          2
h - Passwall              Tmut/Erth      14%        N/A       4%          2
Your spell library was empty.

Dungeon Overview and Level Annotations

Branches:
Dungeon (6/15)             Temple (1/1) D:4

Altars:
Ashenzari
Dithmenos
Elyvilon
Fedhas
Gozag
Okawaru
Qazlal
Ru
Uskayaw
Wu Jian
Xom
Zin
The Shining One

Annotations:
D:6 Maggie


Innate Abilities, Weirdness & Mutations

You have temporarily grown beastly horns.
You are flying.
You are immune to sickness and miasma.
You are immune to poison.
Your flesh is very heat resistant. (rF++)
You are vulnerable to cold. (rC-)
You float through the air rather than walking.
You learn spells naturally, not from books.
Your magical power is your life essence.
You have superior vitality. (+4 MHP)


Message History

Press: ? - help, Dir - move target, f/p - Maggie
Aim: Maggie, wielding a +1 glaive of flaming, wearing +0 acid dragon scales and carrying a wand of acid (10) (lightly wounded, poisoned) Poisonous vapours surround Maggie!
Maggie looks even sicker.
Casting: Poisonous Vapours (safe; 4% risk of failure)
Confirm with . or Enter, or press ? or * to list all spells.
Aiming: Poisonous Vapours (safe; 4% risk of failure)
Press: ? - help, Dir - move target, f/p - Maggie
Aim: Maggie, wielding a +1 glaive of flaming, wearing +0 acid dragon scales and carrying a wand of acid (10) (lightly wounded, very poisoned) Poisonous vapours surround Maggie!
Maggie looks even sicker.
Maggie casts a spell at you. The bolt of fire hits you! You resist.
Casting: Poisonous Vapours (safe; 4% risk of failure)
Confirm with . or Enter, or press ? or * to list all spells.
Aiming: Poisonous Vapours (safe; 4% risk of failure)
Press: ? - help, Dir - move target, f/p - Maggie
Aim: Maggie, wielding a +1 glaive of flaming, wearing +0 acid dragon scales and carrying a wand of acid (10) (lightly wounded, very poisoned) Poisonous vapours surround Maggie!
Maggie looks as sick as possible!
Casting: Poisonous Vapours (safe; 4% risk of failure)
Confirm with . or Enter, or press ? or * to list all spells.
You grow a pair of large bovine horns.
Throw: 2 boomerangs
Press: ? - help, Q - select action, (/) - cycle Shift-Dir - straight line, f/p - Maggie
Aim: Maggie, wielding a +1 glaive of flaming, wearing +0 acid dragon scales and carrying a wand of acid (10) (lightly wounded, extremely poisoned, 59% to hit)
You throw a boomerang. The boomerang barely misses Maggie.
Maggie barely misses you.
Throw: 2 boomerangs
Press: ? - help, Q - select action, (/) - cycle Shift-Dir - straight line, f/p - Maggie
Aim: Maggie, wielding a +1 glaive of flaming, wearing +0 acid dragon scales and carrying a wand of acid (10) (lightly wounded, extremely poisoned, 59% to hit)
You throw a boomerang. The boomerang barely misses Maggie.
Maggie zaps a wand.
The bolt of acid hits you! The acid corrodes you!
Maggie hits you from afar with a +1 glaive of flaming!
* * * LOW HITPOINT WARNING * * *
Maggie burns you.
* * * LOW HITPOINT WARNING * * *
Press: ? - help, v - describe, . - travel
Here: Maggie, wielding a +1 glaive of flaming, wearing +0 acid dragon scales and carrying a wand of acid (9) (moderately wounded, very poisoned)
The floor.
Maggie hits you with a +1 glaive of flaming!!
You die...
Your body crumbles into a pile of gold.

## #.# #.#
#.## #..#
### #..#
....###..#
........@##
###.....@##
#####...###
$ ##.....#
#...##...#
##..##
###.. #..##
##..# #..##


You could see Maggie (very poisoned).

Vanquished Creatures
  Grinder (D:3)
  A sky beast (D:6)
  2 black bears (D:4)
  A howler monkey (D:4)
  2 hounds (D:4)
  A jelly (D:4)
  2 orc priests
  An iguana (D:4)
  2 orc wizards
  3 adders
  An ufetubus (D:5)
  4 worms
  A dart slug (D:1)
  13 orcs
  8 ball pythons
  4 endoplasms
  5 giant cockroaches (D:1)
  2 goblins
  4 hobgoblins
  2 jackals (D:4)
  4 quokkas
  5 bats (D:1)
  5 frilled lizards
  5 kobolds (D:1)
  5 rats
84 creatures vanquished.

Notes
Turn   | Place    | Note
-------+----------+-------------------------------------------
     0 | D:1      | monsoonserge the Djinni Warper began the quest for the Orb.
     0 | D:1      | monsoonserge set off with the following spells memorised:
                  | Blink, Lesser Beckoning, Vhi's Electric Charge, Teleport
                  | Other, Manifold Assault.
     0 | D:1      | Reached XP level 1. HP: 18/18 MP: 0/0
    42 | D:1      | Reached skill level 2 in Long Blades
   121 | D:1      | Reached XP level 2. HP: 22/23 MP: 0/0
   284 | D:1      | Found a faded altar of an unknown god.
   510 | D:1      | Reached XP level 3. HP: 28/28 MP: 0/0
   510 | D:1      | Learned a level 1 spell: Beastly Appendage
  1119 | D:2      | Found a broken altar of Ashenzari.
  1307 | D:2      | Reached XP level 4. HP: 34/34 MP: 0/0
  2241 | D:3      | Reached skill level 3 in Long Blades
  2241 | D:3      | Reached XP level 5. HP: 23/39 MP: 0/0
  2241 | D:3      | Learned a level 2 spell: Poisonous Vapours
  2535 | D:3      | Noticed Grinder
  2544 | D:3      | Killed Grinder
  2545 | D:3      | Reached skill level 4 in Long Blades
  2545 | D:3      | Reached XP level 6. HP: 35/45 MP: 0/0
  2890 | D:4      | Noticed a black bear
  3147 | D:4      | Reached XP level 7. HP: 39/50 MP: 0/0
  3147 | D:4      | Learned a level 2 spell: Passwall
  3401 | D:4      | Reached skill level 5 in Long Blades
  3401 | D:4      | Reached skill level 1 in Stealth
  3632 | D:4      | Found a staircase to the Ecumenical Temple.
  3642 | Temple   | Entered the Ecumenical Temple
  3695 | Temple   | Became a worshipper of Gozag Ym Sagoz the Greedy
  4456 | D:5      | Entered Level 5 of the Dungeon
  4498 | D:4      | Reached XP level 8. HP: 55/56 MP: 0/0
  5085 | D:6      | Noticed Maggie
  5095 | D:6      | Mangled by Maggie

Illustrated notes

Levels and vault maps discovered:
D:1:      dpeg_arrival_chambers_temple_mockup, layout_basic,
          shapermc_ecumenical_altar_mp_ritualfount, minmay_pentomino_r2
D:2:      layout_basic, basic_altar
D:3:      layout_loops_ring, uniq_grinder
D:4:      layout_basic, minmay_temple_entry_stoned_glass, grunt_ministairs_13,
          minivault_24
D:5:      layout_rooms, makhleb_grotto_becter
D:6:      layout_cave_pods, nzn_hepliaklqana_mist_gate, uniq_maggie
Temple:   hellmonk_temple_of_storms

Skill      XL: |  1  2  3  4  5  6  7  8 |
---------------+-------------------------+-----
Long Blades    | 2 3 4 5 |  5.4
Armour         | 2 |  2.0
Spellcasting   | 3 4 |  4.2
Fighting       | 3 |  3.5
Dodging        | 3 |  3.4
Stealth        | 1 |  1.0
Throwing       | |  0.9
Evocations     | |  0.3

Action                     |  1- 3 |  4- 6 |  7- 9 || total
---------------------------+-------+-------+-------++-------
  Melee: Falchion          |   107 |   120 |    77 ||   304
         Headbutt          |       |     4 |     9 ||    13
         Punch             |       |     2 |     1 ||     3
  Throw: Dart              |       |       |     4 ||     4
         Boomerang         |       |       |     2 ||     2
   Cast: Beastly Appendage |     2 |     7 |     9 ||    18
         Blink             |     1 |       |       ||     1
         Vhi's Electric Ch |       |     1 |     1 ||     2
         Poisonous Vapours |       |       |    43 ||    43
         Teleport Other    |       |       |     1 ||     1
  Evoke: Wand              |       |       |     3 ||     3
   Stab: Sleeping          |       |     2 |       ||     2
 Armour: Leather armour    |    29 |    16 |       ||    45
         Robe              |       |     4 |     6 ||    10
  Dodge: Dodged            |    78 |    79 |    54 ||   211
